 Dungeon Crawl Stone Soup version 0.30-a0-141-g30f27751c5 (webtiles) character file.

Game seed: 15807031345570398664

185 bande the Covered (level 5, -6/33 HPs)
             Began as a Gargoyle Fighter on Sept 26, 2022.
             Killed by divine providence
             ... invoked by an orc priest
              (13 damage)
             ... on level 3 of the Dungeon.
             The game lasted 00:06:21 (3491 turns).

bande the Covered (Gargoyle Fighter)                Turns: 3491, Time: 00:06:22

Health: -6/33      AC: 14    Str: 19    XL:     5   Next: 64%
Magic:  5/5        EV:  7    Int:  9    God:
Gold:   123        SH:  4    Dex: 11    Spells: 4/4 levels left

rFire   . . .      SeeInvis .    a - +1 war axe
rCold   . . .      Faith    .    c - +0 buckler
rNeg    + . .      Spirit   .    e - +0 chain mail
rPois   ∞          Reflect  .    (no helmet)
rElec   +          Harm     .    (no cloak)
rCorr   .          Rampage  .    q - +0 pair of gloves
Will    .....                    (no boots)
Stlth   ..........               (no amulet)
HPRegen 0.11/turn                (no ring)
MPRegen 0.09/turn                (no ring)

@: no status effects
A: sickness immunity, AC +4, negative energy resistance 1, electricity
resistance, torment resistance 1, petrification resistance
a: no special abilities


You were on level 3 of the Dungeon.
You visited 1 branch of the dungeon, and saw 3 of its levels.

You collected 123 gold pieces.

Inventory:

Hand Weapons
 a - a +1 war axe (weapon)
 n - a +0 flail
Missiles
 o - a throwing net (quivered)
Armour
 c - a +0 buckler (worn)
 e - a +0 chain mail (worn)
 q - a +0 pair of gloves (worn)
Scrolls
 i - a scroll of amnesia
 l - 2 scrolls of teleportation
Potions
 d - a potion of might
 f - 2 potions of curing
 j - a potion of brilliance
 m - a potion of berserk rage {unknown}
 p - a potion of lignification {unknown}


   Skills:
 + Level 4.3 Fighting
 + Level 3.5 Axes
 + Level 4.3 Armour
 + Level 3.9 Shields


You had 4 spell levels left.
You didn't know any spells.
Your spell library contained the following spells:

 Spells                   Type           Power      Damage    Failure   Level
 Poisonous Vapours        Pois/Air       0%         N/A       100%        2
 Gell's Gravitas          Tloc           0%         N/A       100%        3
 Teleport Other           Tloc           0%         N/A       100%        3
 Dispersal                Tloc           0%         N/A       100%        6
 Cigotuvi's Dreadful Rot  Necr/Pois/Air  Unusable   N/A       N/A         2

Dungeon Overview and Level Annotations

Branches:
Dungeon (3/15)

Altars:


Innate Abilities, Weirdness & Mutations

You are immune to sickness and miasma.
Your stone body is resilient. (AC +4)
You are immune to poison.
You resist negative energy. (rN+)
You are resistant to electric shocks. (rElec)
You are resistant to unholy torment.
You are immune to petrification.


Message History

The orc wizard attacks as you move away!
The orc wizard hits you but does no damage.
Unknown command.
You bump into the rock wall.
The orc wizard hits you but does no damage.
Unknown command.
You bump into the rock wall.
The orc wizard hits you but does no damage.
You miss the orc wizard. The orc wizard barely misses you.
The orc wizard hits you but does no damage.
The orc priest invokes the aid of Beogh against you.
Beogh smites you!
* * * LOW HITPOINT WARNING * * *
You barely miss the orc wizard.
The orc wizard hits you but does no damage.
You bump into the rock wall.
You feel less confused.
The orc wizard hits you but does no damage.
The orc priest miscasts a cantrip.
You closely miss the orc wizard. The orc wizard closely misses you.
You closely miss the orc wizard.
The orc wizard hits you but does no damage.
The orc wizard gestures at you while chanting.
The magic dart hits you.
* * * LOW HITPOINT WARNING * * *
Unknown command.
You hit the orc wizard.
The orc wizard is lightly wounded.
The orc wizard hits you but does no damage.
You miss the orc wizard.
The orc wizard is lightly wounded.
The orc wizard closely misses you.
The orc priest looks braver for a moment.
The orc wizard hits you but does no damage.
You hit the orc wizard but do no damage.
The orc wizard is lightly wounded.
The orc wizard hits you but does no damage.
The orc priest mumbles some strange prayers to Beogh against you.
Beogh smites you!
You die...

#...###########.##
##.## #.# #.# #.# #†#
#+## #.### #...#
#...## #.....
####.#..## #......
#........####.......
............@oo......
##.##.#...####.......
#........# #......
####.##### #..... #.#
#...# # #+##


You could see an orc priest and an orc wizard.

Vanquished Creatures
  Jessica (D:2)
  4 gnolls
  6 adders
  A dart slug (D:1)
  An orc (D:3)
  4 bats
  4 endoplasms
  3 giant cockroaches
  3 hobgoblins
  10 jackals
  4 quokkas
  9 ball pythons
  4 frilled lizards
  2 goblins
  4 kobolds
  2 rats (D:1)
62 creatures vanquished.

Notes
Turn   | Place    | Note
-------+----------+-------------------------------------------
     0 | D:1      | bande the Gargoyle Fighter began the quest for the Orb.
     0 | D:1      | Reached XP level 1. HP: 14/14 MP: 1/1
   159 | D:1      | Reached XP level 2. HP: 8/19 MP: 2/2
  1126 | D:1      | Reached XP level 3. HP: 24/24 MP: 3/3
  2320 | D:2      | Reached XP level 4. HP: 24/29 MP: 4/4
  2799 | D:2      | Noticed Jessica
  2802 | D:2      | Killed Jessica
  2803 | D:2      | Reached XP level 5. HP: 29/33 MP: 5/5
  3006 | D:2      | Found a faded altar of an unknown god.
  3491 | D:3      | Killed from afar by an orc priest

Illustrated notes

Levels and vault maps discovered:
D:1:      lemuel_arrival_tunnels, layout_basic
D:2:      layout_basic, ebering_ecumenical_altar_box, kennysheep_jessica_study
D:3:      layout_loops_corners, nicolae_uskayaw_murder_on_the_dancefloor,
          mainiacjoe_overflow_small_starburst, nrook_campfire, kennysheep_donut,
          amethyst_killhole, grunt_ministairs_11,
          hangedman_abyss_or_decor_lesser_grid, uniq_ijyb, uniq_robin

Skill      XL: |  1  2  3  4 |
---------------+-------------+-----
Axes           | 2 3 |  3.5
Fighting       | 4 |  4.3
Armour         | 4 |  4.3
Shields        | |  3.9

Action                   |  1- 3 |  4- 6 || total
-------------------------+-------+-------++-------
Melee: War axe           |    97 |   104 ||   201
  Use: Scroll            |       |     7 ||     7
Armor: Scale mail        |    66 |    57 ||   123
       Chain mail        |       |    20 ||    20
Dodge: Dodged            |    55 |    65 ||   120
Block: Buckler           |    20 |    27 ||    47

Table legend: (Time is in decaauts)
 A = Elapsed time spent in this place.
 B = Non-inter-level travel time spent in this place.
 C = Inter-level travel time spent in this place.
 D = Time resting spent in this place.
 E = Time spent auto-exploring this place.
 F = Levels seen in this place.
 G = Mean time per level.
                   A        B        C        D        E       F      G
               +--------+--------+--------+--------+--------+-----+--------+
         Total |   3577 |   3575 |      2 |   1421 |   1530 |   3 | 1192.3 |
       Dungeon |   3577 |   3575 |      2 |   1421 |   1530 |   3 | 1192.3 |
               +--------+--------+--------+--------+--------+-----+--------+

Top non-repeatable levels by time:
     D:1: 2274 daAuts
     D:2: 1131 daAuts
     D:3: 170 daAuts
